Unix NetHack Version 3.7.0-65 Work-in-progress - last build Oct 3 2022 04:20:45 (938f679fcd32a3c70215a73001258fd12811ee3d,branch:master). Game began 2022-10-07 09:44:20, ended 2022-10-07 09:46:39. tromix, neutral male gnomish Healer |.. G ---@. --B..Z |..-- -..| ...-- ....- .<.. --- Tromix the Rhizotomist St:7 Dx:8 Co:15 In:12 Wi:16 Ch:17 Neutral Dlvl:5 $:1036 HP:0(12) Pw:5(5) AC:8 Exp:1 T:286 Latest messages: The kitten bites it. You hear rumbling in the distance. The jackal bites! The hobbit picks up a gem. The kitten misses the jackal. You hear crashing rock. The kitten bites the jackal. The jackal is killed! The kitten eats a jackal corpse. You descend the stairs. The kitten picks up a stone. You hear some noises in the distance. A little dart shoots out at you! A little dart misses you. n - 11 darts. You swap places with your kitten. You hear some noises. The kitten misses the giant rat. The kitten misses the giant rat. The kitten bites the giant rat. The giant rat is killed! You swap places with your kitten. You swap places with your kitten. You stop. Your kitten is in the way! The kitten bites the gnome. The gnome hits the kitten. You stop. Your kitten is in the way! The kitten misses the coyote. The kitten bites it. The kitten bites the coyote. The coyote bites the kitten. You hear some noises. You hear some noises in the distance. The grid bug bites! You get zapped! You see here a brilliant blue potion. o - a brilliant blue potion. The giant rat bites! The grid bug bites! You get zapped! You descend the stairs. The giant bat bites! The giant bat bites! The gnome zombie hits! You die... Do you want your possessions identified? [ynq] (y) y Do you want to see your attributes? [ynq] (y) y Do you want an account of creatures vanquished? [ynaq] (y) y Do you want to see your conduct and achievements? [ynq] (y) y Do you want to see the dungeon overview? [ynq] (y) y Inventory: Coins $ - 1036 gold pieces Weapons n - 11 +0 darts a - a +0 scalpel (weapon in hand) Armor b - an uncursed +1 pair of leather gloves (being worn) Comestibles l - 6 uncursed apples Spellbooks j - a blessed spellbook of extra healing i - a blessed spellbook of healing k - a blessed spellbook of stone to flesh Potions g - a blessed potion of extra healing f - 3 uncursed potions of extra healing e - a blessed potion of healing d - 3 uncursed potions of healing o - an uncursed potion of restore ability Rings m - a cursed ring of polymorph control Wands h - a wand of sleep (0:4) Tools c - an uncursed stethoscope Tromix the Healer's attributes: Background: You were a Rhizotomist, a level 1 male gnomish Healer. You were neutral, on a mission for Hermes who was opposed by Athena (lawful) and Poseidon (chaotic). You were in the Gnomish Mines, on level 5. You entered the dungeon 286 turns ago. You had 0 experience points, 20 were needed to attain level 2. Basics: You had 0 out of 12 hit points. You had all 5 energy points (spell power). Your armor class was 8. Your wallet contained 1036 zorkmids. Autopickup was off. Final Characteristics: Your strength was 7 (limit:18/50). Your dexterity was 8 (limit:18). Your constitution was 15 (limit:18). Your intelligence was 12 (limit:19). Your wisdom was 16 (limit:18). Your charisma was 17 (limit:18). Final Status: You were not hungry. You were unencumbered. You were wielding a knife. You had basic skill with knife. Final Attributes: You were fervently aligned. You were poison resistant. You had infravision. You are dead. Miscellaneous: You disabled loading of bones levels. Total elapsed playing time was 2 minutes and 18 seconds. Major events: Turn 1: tromix the neutral male gnomish Healer entered the dungeon 110: entered the Gnomish Mines 286: killed by a gnome zombie Vanquished creatures: 2 coyotes a hobbit a giant rat a gnome a jackal 3 grid bugs a lichen 2 newts 12 creatures vanquished. No species were genocided or became extinct. Voluntary challenges: You went without food. You were an atheist. You were a pacifist. You were illiterate. You never engraved Elbereth. You never genocided any monsters. You never polymorphed an object. You never changed form. You used no wishes. Achievement: You entered the Gnomish Mines. The Dungeons of Doom: levels 1 to 2 Level 1: Level 2: A fountain. Stairs down to The Gnomish Mines. The Gnomish Mines: levels 3 to 5 Level 3: Level 4: Level 5: <- You were here. Final resting place for you, killed by a gnome zombie. Game over: ---------- / \ / REST \ / IN \ / PEACE \ / \ | tromix | | 1036 Au | | killed by a | | gnome zombie | | | | | | 2022 | *| * * * | * _________)/\\_//(\/(/\)/\//\/|_)_______ Goodbye tromix the Healer... You died in The Gnomish Mines on dungeon level 5 with 206 points, and 1036 pieces of gold, after 286 moves. You were level 1 with a maximum of 12 hit points when you died.